 Dungeon Crawl Stone Soup version 0.21-a0-133-gf55ed5b (webtiles) character file.

697 4thArraOfDagon the Archer (level 7, -5/54 HPs)
             Began as a Gnoll Wanderer on July 17, 2017.
             Slain by an ice beast (13 damage)
             ... on level 5 of the Dungeon.
             The game lasted 00:08:31 (2195 turns).

4thArraOfDagon the Archer (Gnoll Wanderer)          Turns: 2195, Time: 00:08:32

Health: -5/54      AC: 13    Str:  7    XL:     7   Next: 65%
Magic:  7/7        EV:  3    Int:  7    God:
Gold:   161        SH:  0    Dex:  7    Spells: 6/6 levels left

rFire    . . .     SeeInvis .   n - +1 falchion (elec)
rCold    . . .     Gourm    .   (no shield)
rNeg     . . .     Faith    .   q - +0 chain mail {rPois}
rPois    +         Spirit   .   l - +0 helmet
rElec    .         Reflect  .   (no cloak)
rCorr    .         Harm     .   e - +0 pair of gloves
MR       .....                  h - +0 pair of boots
Stlth    ..........             (no amulet)
HPRegen  0.18/turn              (no ring)
MPRegen  0.10/turn              (no ring)

@: no status effects
A: unchanging attributes, fangs 1, strong nose
a: no special abilities


You were on level 5 of the Dungeon.
You were hungry.

You visited 1 branch of the dungeon, and saw 5 of its levels.
You also visited: Sewer.

You collected 161 gold pieces.

Inventory:

Hand Weapons
 b - a +0 shortbow
 j - a +0 glaive
 n - a +1 falchion of electrocution (weapon)
Missiles
 c - 41 arrows
Armour
 a - a +2 scale mail
 e - a +0 pair of gloves (worn)
 h - a +0 pair of boots (worn)
 l - a +0 helmet (worn)
 q - a +0 chain mail of poison resistance (worn)
Wands
 g - a wand of random effects (24/48)
 o - a wand of iceblast (3/15)
Scrolls
 d - a scroll of enchant weapon
 i - 5 scrolls of remove curse
Potions
 k - a potion of brilliance {unknown}
 m - a potion of haste {unknown}
 p - a potion of agility
 r - a potion of berserk rage {unknown}
 t - a potion of heal wounds {unknown}
 u - a potion of resistance {unknown}
Books
 s - a book of Necromancy

   Spells                             Type                      Level
   a - Pain                           Necromancy                   1
   b - Animate Skeleton               Necromancy                   1
   c - Vampiric Draining              Necromancy                   3
   d - Regeneration                   Charms/Necromancy            3
   e - Animate Dead                   Necromancy                   4
   f - Control Undead                 Necromancy                   4
Comestibles
 f - 4 bread rations
 v - a royal jelly


   Skills:
 - Level 4.0 Fighting
 * Level 5.7 Long Blades
 * Level 8.3 Bows
 - Level 1.3 Throwing
 + Level 5.8 Armour
 + Level 1.8 Dodging
   Level 1.3 Shields


You had 6 spell levels left.
You didn't know any spells.

Dungeon Overview and Level Annotations

Branches:
Dungeon (5/15)             Temple (0/1) D:4

Altars:
Elyvilon
Fedhas
Makhleb

Annotations:
D:3 TotoDurand's ghost, amateur DrGl


Innate Abilities, Weirdness & Mutations

Your physical attributes are unchanging.
You have very sharp teeth.
Your uncanny sense of smell can sniff out nearby items.


Message History

You hit the ice beast.
Lightning courses through the ice beast!
The ice beast is moderately wounded.
The ice beast hits you. The ice beast freezes you!
* * * LOW HITPOINT WARNING * * *
You are feeling hungry.
You hit the ice beast.
The ice beast is heavily wounded.
The ice beast hits you but does no damage.
Unknown command.
Your chain mail prevents you from hitting the ice beast.
The ice beast is heavily wounded.
The ice beast barely misses you.
Unknown command.
You closely miss the ice beast.
The ice beast is heavily wounded.
The ice beast hits you.
* * * LOW HITPOINT WARNING * * *
The ice beast freezes you!
You die...

......... #.#
#........ ∆ ...
......... #.#
##...#.#.. ...
......... # #.#
#..)..... ..##. #.#
#........
......#.####...####.
#......Y@........
#..######.#.##### #
....
######.#.######.#
.o..
.................#
...
∆#########.........
..
#.....<........... .
#.########.#####.
#.# #.# #.# #.#


You could see an ice beast.

Vanquished Creatures
  Menkaure (D:4)
  2 ogres
  A crocodile (Sewer)
  Blork the orc (D:5)
  A hound (D:3)
  An orc priest (D:4)
  A bullfrog skeleton (D:3)
  An iguana (D:4)
  6 adders
  2 adder skeletons
  A worm (D:2)
  2 dart slugs (D:3)
  5 leopard geckos (D:4)
  12 orcs
  7 bats
  2 giant cockroaches
  3 hobgoblins (D:2)
  A jackal (D:1)
  4 quokkas
  A ball python (D:3)
  4 frilled lizards
  3 goblins
  A kobold (D:2)
  6 rats
69 creatures vanquished.

Vanquished Creatures (others)
  17 toadstools (D:3)
17 creatures vanquished.

Grand Total: 86 creatures vanquished

Notes
Turn   | Place    | Note
-------+----------+-------------------------------------------
     0 | D:1      | 4thArraOfDagon the Gnoll Wanderer began the quest for the Orb.
     0 | D:1      | 4thArraOfDagon set off with: a +2 scale mail, a +0 shortbow, 27 arrows, a potion of lignification, a bread ration
     0 | D:1      | Reached XP level 1. HP: 19/19 MP: 1/1
   158 | D:2      | Reached skill level 2 in Bows
   261 | D:2      | Reached XP level 2. HP: 22/25 MP: 2/2
   280 | D:2      | Reached skill level 3 in Bows
   640 | D:2      | Reached skill level 4 in Bows
   640 | D:2      | Reached XP level 3. HP: 29/30 MP: 3/3
   783 | D:3      | Reached skill level 5 in Bows
   783 | D:3      | Reached XP level 4. HP: 37/37 MP: 4/4
  1128 | D:3      | Found a white marble altar of Elyvilon.
  1218 | D:3      | Found a burning altar of Makhleb.
  1232 | D:3      | Reached skill level 1 in Long Blades
  1232 | D:3      | Reached skill level 6 in Bows
  1232 | D:3      | Reached XP level 5. HP: 36/42 MP: 5/5
  1297 | D:3      | Found a blossoming altar of Fedhas.
  1349 | D:3      | Noticed a phantom
  1371 | D:3      | Noticed TotoDurand's ghost (amateur DrGl)
  1556 | D:4      | Reached XP level 6. HP: 32/48 MP: 6/6
  1641 | D:4      | Reached skill level 7 in Bows
  1707 | D:4      | ???
  1743 | D:4      | FUCk
  1783 | D:4      | Found a staircase to the Ecumenical Temple.
  1809 | D:4      | Found a glowing drain.
  1836 | Sewer    | Entered a sewer
  1974 | D:4      | Noticed Menkaure
  1985 | D:4      | Killed Menkaure
  1985 | D:4      | Reached skill level 5 in Long Blades
  1985 | D:4      | Reached skill level 1 in Dodging
  1985 | D:4      | Reached XP level 7. HP: 24/54 MP: 7/7
  2090 | D:5      | Entered Level 5 of the Dungeon
  2169 | D:5      | Reached skill level 8 in Bows
  2172 | D:5      | Noticed Blork the orc
  2189 | D:5      | Killed Blork the orc
  2195 | D:5      | Slain by an ice beast

Vault maps used:
D:1:      dpeg_arrival_rooms_b
D:2:      nemelex_xobeh_ov_fountains_minmay
D:3:      tgw_fedhas, kennysheep_ying_yang, first_bread, minmay_misc_feat_iff,
          makhleb_blood_cavern_becter
D:4:      minmay_temple_entry_trees, gup_sewer_entry_pipe, hex_large,
          moated_statue, uniq_menkaure
D:5:      bloody_trog, uniq_blork_the_orc
Sewer:    sewer_big_baddie

Skill      XL: |  1  2  3  4  5  6  7 |
---------------+----------------------+-----
Bows           | 2 4 5 6 7 8 |  8.3
Long Blades    | 1 3 5 |  5.7
Dodging        | 1 |  1.8
Fighting       | |  4.0
Throwing       | |  1.3
Armour         | |  5.8
Shields        | |  1.3

Action                   |  1- 3 |  4- 6 |  7- 9 || total
-------------------------+-------+-------+-------++-------
Melee: Glaive            |     3 |    36 |       ||    39
       Falchion          |       |   138 |    11 ||   149
       Bite              |       |     4 |       ||     4
 Fire: Shortbow          |    94 |    59 |       ||   153
Evoke: Wand              |       |       |     5 ||     5
  Use: Potion            |     1 |     2 |       ||     3
       Scroll            |       |     6 |       ||     6
  Eat: Chunk             |       |     4 |       ||     4
Armor: Scale mail        |    53 |   181 |       ||   234
       Skin              |    12 |     5 |       ||    17
       Chain mail        |       |       |     5 ||     5
Dodge: Dodged            |    21 |   100 |     3 ||   124
       Rpst.: Falchion   |       |    16 |     1 ||    17
